 Dungeon Crawl Stone Soup version 0.29-a0-409-gd843f3a48c (webtiles) character file.

Game seed: 11329526836345694645

23 Demosthentine the Skirmisher (level 2, -1/27 HPs)
             Began as a Hill Orc Fighter on May 14, 2022.
             Slain by a worm (3 damage)
             ... on level 2 of the Dungeon.
             The game lasted 00:01:22 (867 turns).

Demosthentine the Skirmisher (Hill Orc Fighter)      Turns: 867, Time: 00:01:22

Health: -1/27      AC:  6    Str: 18    XL:     2   Next: 95%
Magic:  2/2        EV:  9    Int:  8    God:
Gold:   84         SH:  4    Dex: 10    Spells: 1/1 levels left

rFire   . . .      SeeInvis .   a - +0 war axe
rCold   . . .      Faith    .   c - +0 buckler
rNeg    . . .      Spirit   .   b - +0 scale mail
rPois   .          Reflect  .   (no helmet)
rElec   .          Harm     .   (no cloak)
rCorr   .          Rampage  .   (no gloves)
Will    .....                   (no boots)
Stlth   ..........              (no amulet)
HPRegen 0.09/turn               (no ring)
MPRegen 0.08/turn               (no ring)

@: brilliant
A: no striking features
a: no special abilities


You were on level 2 of the Dungeon.
You visited 1 branch of the dungeon, and saw 2 of its levels.

You collected 84 gold pieces.

Inventory:

Hand Weapons
 a - a +0 war axe (weapon)
Armour
 b - a +0 scale mail (worn)
 c - a +0 buckler (worn)
Scrolls
 f - a scroll of immolation {unknown}
 g - a scroll of identify {unknown}
 h - a scroll of poison {unknown}
Potions
 d - a potion of might
 e - a potion of brilliance


   Skills:
 + Level 3.9 Fighting
 + Level 3.1 Axes
 + Level 3.5 Armour
 + Level 0.6 Dodging
 + Level 3.5 Shields


You had one spell level left.
You didn't know any spells.
Your spell library contained the following spells:

 Spells                   Type           Power      Damage    Failure   Level
 Shock                    Conj/Air       0%         1d3       87%         1
 Gell's Gravitas          Tloc           0%         N/A       99%         3
 Lesser Beckoning         Tloc           0%         N/A       99%         3
 Swiftness                Air            0%         N/A       99%         3
 Teleport Other           Tloc           0%         N/A       99%         3
 Airstrike                Air            0%         N/A       100%        4


Dungeon Overview and Level Annotations

Branches:
Dungeon (2/15)

Altars:


Message History

You block the adder's attack.
Unknown command.
Unknown command.
You hit the worm.
The worm is lightly wounded.
You barely miss the adder. The adder closely misses you.
The worm closely misses you. The adder bites you.
Unknown command.
You closely miss the adder.
The adder is moderately wounded.
You hit the worm. The adder bites you but does no damage. The worm bites you.
* * * LOW HITPOINT WARNING * * *
The adder bites you but does no damage.
Unknown command.
It was a potion of brilliance.
You feel clever all of a sudden. The adder bites you.
* * * LOW HITPOINT WARNING * * *
You are poisoned.
The adder poisons you! The worm bites you but does no damage.
Unknown command.
You feel sick.
You see here 28 stones.
Unknown command.
Okay, then.
You hit the adder.
The adder is severely wounded.
You feel sick. The adder bites you.
* * * LOW HITPOINT WARNING * * *
The adder barely misses you.
You feel sick.
You are no longer poisoned.
You miss the adder.
The adder is severely wounded.
You barely miss the worm. The adder bites you but does no damage.
You block the adder's attack.
You closely miss the adder.
The adder is severely wounded.
You hit the worm. The adder closely misses you. The worm bites you.
You die...

#.... #.... #.... #....
#### #.#####.... ..#
#.......... ### #.#
#######....
.....######.##########....
......).S@...............(
........w†..############..
....?....#..# ###
.............=# #
...............#
......##......... ......
.##..>.... .....##.
#.......


You could see a worm and an adder.

Vanquished Creatures
  2 endoplasms (D:2)
  A giant cockroach (D:1)
  2 goblins
  4 hobgoblins
  3 jackals (D:1)
  3 quokkas (D:1)
  2 bats
  A rat (D:1)
18 creatures vanquished.

Notes
Turn   | Place    | Note
-------+----------+-------------------------------------------
     0 | D:1      | Demosthentine the Hill Orc Fighter began the quest for the
                  | Orb.
     0 | D:1      | Reached XP level 1. HP: 19/19 MP: 1/1
   183 | D:1      | Reached XP level 2. HP: 22/27 MP: 2/2
   358 | D:1      | Found a faded altar of an unknown god.
   867 | D:2      | Slain by a worm

Illustrated notes

Levels and vault maps discovered:
D:1:      lemuel_arrival_hallway, layout_basic,
          hellmonk_ecumenical_altar_pennies_from_heaven
D:2:      layout_rooms, minmay_three_crescents

Skill      XL: |  1  2 |
---------------+-------+-----
Axes           | 3 |  3.1
Fighting       | |  3.9
Armour         | |  3.5
Dodging        | |  0.6
Shields        | |  3.5

Action                   || total
-------------------------++-------
Melee: War axe           ||    63
  Use: Potion            ||     1
Armor: Scale mail        ||    35
Dodge: Dodged            ||    34
Block: Buckler           ||    16

Table legend: (Time is in decaauts)
 A = Elapsed time spent in this place.
 B = Non-inter-level travel time spent in this place.
 C = Inter-level travel time spent in this place.
 D = Time resting spent in this place.
 E = Time spent auto-exploring this place.
 F = Levels seen in this place.
 G = Mean time per level.
                   A        B        C        D        E       F      G
               +--------+--------+--------+--------+--------+-----+--------+
         Total |    893 |    874 |     19 |      0 |    713 |   2 |  446.5 |
       Dungeon |    893 |    874 |     19 |      0 |    713 |   2 |  446.5 |
               +--------+--------+--------+--------+--------+-----+--------+

Top non-repeatable levels by time:
     D:1: 735 daAuts
     D:2: 158 daAuts
